cohdb
Replays
Latest Replays
All Replays
Popular Replays
Top Player Replays
Match Explorer
How It Works
Community
CoH3 Stats
Reddit
Sign in to upload your games and track your stats! →
Sign in with Steam
Match 41223168
Unlisted
Match 41223168
Overview
Messages
Build Orders
End
Construct Infanterie Kompanie
Kettenkrad Recon Vehicle
Grenadier Squad
Grenadier Squad
Grenadier Squad
GrW 34 Mortar Team
Pioneer Squad
Medical Station
Grenadier Squad
Construct Luftwaffe Kompanie
Jäger Squad
Flak 30 Anti-aircraft Gun Team
Support Elements
Wirbelwind Flakpanzer
Marder III M Tank Destroyer
Wirbelwind Flakpanzer
MG 42 Machine Gun Team
Marder III M Tank Destroyer
Selects Luftwaffe Battlegroup
Selects Reconnaissance Run
Selects Fallschirmjäger Squad Paradrop
Fallschirmjäger Squad Paradrop
Selects Luftwaffe Pioneer Support
Wirbelwind Flakpanzer
Selects Stuka Loiter
Fallschirmpioneer Squad Paradrop
Grand.G
Shelsonne
0
0
Comments
sign in to comment!
No comments posted yet!